 Dungeon Crawl Stone Soup version 0.23-a0-480-g1869896 (webtiles) character file.

240 theanonym the Cudgeler (level 5, 0/41 HPs)
             Began as a Mummy Warper on Nov 28, 2018.
             Was an Initiate of Gozag.
             Slain by an iguana (9 damage)
             ... on level 4 of the Dungeon.
             The game lasted 00:04:55 (3392 turns).

theanonym the Cudgeler (Mummy Warper)               Turns: 3392, Time: 00:04:55

Health: 0/41       AC: 11    Str: 16    XL:     5   Next: 79%
Magic:  9/9        EV:  4    Int: 12    God:    Gozag
Gold:   374        SH:  4    Dex: 11    Spells: 9/9 levels left

rFire    x . .     SeeInvis .   a - +0 mace
rCold    + . .     Gourm    .   g - +0 buckler
rNeg     + + +     Faith    .   h - +0 plate armour
rPois    ∞         Spirit   .   (no helmet)
rElec    .         Reflect  .   m - +0 cloak
rCorr    .         Harm     .   (no gloves)
MR       .....                  (no boots)
Stlth    ..........             e - amulet of regeneration
HPRegen  0.53/turn              (no ring)
MPRegen  0.11/turn              (no ring)

@: no status effects
A: no food or potions, fire vulnerability, cold resistance 1, negative energy
resistance 3, torment resistance, unbreathing
a: Potion Petition, Call Merchant, Bribe Branch, Renounce Religion


Innate Abilities, Weirdness & Mutations

You do not eat or drink.
Your flesh is vulnerable to fire.
You are immune to poison.
Your flesh is cold resistant. (rC+)
You are immune to negative energy. (rN+++)
You are immune to unholy pain and torment.
You can survive without breathing.


   Skills:
 + Level 3.4 Fighting
 * Level 3.8 Maces & Flails
 - Level 0.7 Throwing
 - Level 0.7 Armour
 - Level 1.5 Dodging
 + Level 2.0 Shields
 - Level 2.6 Spellcasting
   Level 2.4 Translocations


You had 9 spell levels left.
You didn't know any spells.
Your spell library contained the following spells:

 Spells                   Type           Power        Failure   Level  Hunger
 Blink                    Tloc           N/A          100%        2    N/A
 Shroud of Golubria       Chrm/Tloc      #.........   100%        2    N/A
 Gell's Gravitas          Tloc           #.........   100%        3    N/A
 Lesser Beckoning         Tloc           #.........   100%        3    N/A
 Teleport Other           Tloc           #.......     100%        3    N/A
 Passage of Golubria      Tloc           N/A          100%        4    N/A

Skill      XL: |  1  2  3  4  5 |
---------------+----------------+-----
Maces & Flails | 2 3 |  3.8
Shields        | 1 2 |  2.0
Fighting       | 3 |  3.4
Throwing       | |  0.7
Armour         | |  0.7
Dodging        | |  1.5
Spellcasting   | |  2.6
Translocations | |  2.4

Action                   |  1- 3 |  4- 6 || total
-------------------------+-------+-------++-------
Melee: Mace              |   116 |   223 ||   339
Throw: Tomahawk          |    11 |     6 ||    17
  Use: Scroll            |       |     2 ||     2
 Stab: Sleeping          |     1 |       ||     1
Armor: Leather armour    |    31 |    25 ||    56
       Plate armour      |       |   113 ||   113
Dodge: Dodged            |    77 |    93 ||   170
Block: Buckler           |    45 |    64 ||   109
       Other             |     4 |       ||     4
       Reflection        |     1 |       ||     1

Inventory:

Hand Weapons
 a - a +0 mace (weapon)
 f - a cursed -3 dagger
   (You found it on level 1 of the Dungeon)
Missiles
 i - 6 tomahawks (quivered)
Armour
 b - a +0 leather armour
 g - a +0 buckler (worn)
   (You found it on level 1 of the Dungeon)
 h - a +0 plate armour (worn)
   (You found it on level 3 of the Dungeon)
 m - a +0 cloak (worn)
   (You found it on level 4 of the Dungeon)
Jewellery
 c - a +4 amulet of reflection
   (You found it on level 1 of the Dungeon)
 e - an amulet of regeneration (around neck)
   (You found it on level 2 of the Dungeon)
 j - an uncursed amulet of regeneration
   (You found it on level 2 of the Dungeon)
Scrolls
 d - a scroll of amnesia {unknown}
 k - a scroll of remove curse {unknown}
 l - a scroll of random uselessness {unknown}
 r - a scroll of identify
 t - 3 scrolls of teleportation {!r}
 B - a scroll of blinking


You were on level 4 of the Dungeon.
You worshipped Gozag.
Gozag was aware of your devotion.
You were not hungry.

You visited 1 branch of the dungeon, and saw 4 of its levels.

You collected 384 gold pieces.
You paid 10 gold pieces to Gozag.

Dungeon Overview and Level Annotations

Branches:
Dungeon (4/15)
 Temple: D:4-7

Altars:
Gozag

Annotations:
D:3 Sigmund

#....# #.##.#.# #....#
#.##.#.#### #....#
#.##.#.#.. #....#
#.##.#.#.#
.....####.##.#.#.#####
.....[........<.......
.....##.#.##.#(#.######.
..............!.........
$
#.#..#.......#.#@####.#
#....##.#.####.#l#
##...##.#.# #.#l.....#
##...##.#.# #.#......#
##...##.#.# #.#......#
#.......... ..#......#
.....####.# ###(.....#
.....# .# ####.#.#
#.#.## .# .#.#


You could see an iguana and a frilled lizard.

Notes
Turn   | Place    | Note
-------+----------+-------------------------------------------
     0 | D:1      | theanonym the Mummy Warper began the quest for the Orb.
     0 | D:1      | Reached XP level 1. HP: 16/16 MP: 4/4
   421 | D:1      | Reached skill level 2 in Maces & Flails
   521 | D:1      | Reached XP level 2. HP: 22/22 MP: 5/5
   779 | D:1      | HP: 11/22 [frilled lizard (1)]
  1289 | D:2      | Found an opulent altar of Gozag.
  1297 | D:2      | Became a worshipper of Gozag Ym Sagoz the Greedy
  1318 | D:2      | Reached XP level 3. HP: 21/28 MP: 7/7
  1561 | D:2      | Reached skill level 1 in Shields
  1604 | D:2      | HP: 11/28 [gnoll/+0 spear (4)]
  1877 | D:2      | Reached XP level 4. HP: 34/34 MP: 8/8
  2328 | D:3      | Noticed Sigmund
  2373 | D:2      | Reached skill level 3 in Maces & Flails
  2865 | D:3      | Reached skill level 3 in Fighting
  3174 | D:4      | Reached XP level 5. HP: 38/41 MP: 9/9
  3304 | D:4      | Reached skill level 2 in Shields
  3387 | D:4      | HP: 18/41 [iguana (8)]
  3392 | D:4      | Slain by an iguana

Vanquished Creatures
  A scorpion (D:4)
  2 worker ants (D:4)
  3 gnolls (D:2)
  4 adders
  2 worms
  2 dart slugs
  A leopard gecko (D:1)
  An orc (D:4)
  4 bats
  3 giant cockroaches
  9 goblins
  6 hobgoblins
  7 jackals
  5 kobolds
  2 quokkas
  5 frilled lizards
  7 rats
64 creatures vanquished.

Table legend:
 A = Turns spent in this place as a percentage of turns spent in the entire game.
 B = Non-inter-level travel turns spent in this place as a percentage of non-inter-level travel turns spent in the entire game.
 C = Inter-level travel turns spent in this place as a percentage of turns spent in this place.
 D = Turns resting spent in this place as a percentage of non-inter-level travel turns spent in this place.
 E = Turns spent auto-exploring this place as a percentage of non-inter-level travel turns spent in this place.
 F = Non-inter-level travel turns spent in this place divided by the number of levels of this place that you've seen.
                   A       B       C       D       E      F
               +-------+-------+-------+-------+-------+----------------------
         Total | 100.0 | 100.0 |   3.7 |  30.1 |  48.9 | 816.5
       Dungeon | 100.0 | 100.0 |   3.7 |  30.1 |  48.9 | 816.5
               +-------+-------+-------+-------+-------+----------------------
